 Dungeon Crawl Stone Soup version 0.27-a0-1442-g87b6fcb595 (webtiles) character file.

Game seed: 12788662044695166152

186 barkas the Conjurer (level 5, -3/45 HPs)
             Began as a Naga Conjurer on July 4, 2021.
             Slain by a gnoll sergeant (13 damage)
             ... on level 3 of the Dungeon.
             The game lasted 00:03:42 (2297 turns).

barkas the Conjurer (Naga Conjurer)                 Turns: 2297, Time: 00:03:43

Health: -3/45      AC:  2    Str: 10    XL:     5   Next: 65%
Magic:  5/18       EV:  9    Int: 19    God:
Gold:   118        SH:  0    Dex:  9    Spells: 6/9 levels left

rFire    . . .     SeeInvis +   f - +0 short sword
rCold    . . .     Faith    .   (no shield)
rNeg     . . .     Spirit   .   a - +0 robe
rPois    +         Reflect  .   (no helmet)
rElec    .         Harm     .   (no cloak)
rCorr    .         Rampage  .   (no gloves)
Will     .....                  (no barding)
Stlth    ++........             (no amulet)
HPRegen  0.15/turn              k - ring of magical power
MPRegen  0.16/turn              (no ring)

@: very slow
A: AC +1, large, see invisible, deformed body, poison resistance, slowness 2,
spit poison 1, naga tail 1
a: Spit Poison


You were on level 3 of the Dungeon.
You visited 1 branch of the dungeon, and saw 3 of its levels.

You collected 118 gold pieces.

Inventory:

Hand Weapons
 f - a +0 short sword (weapon)
Armour
 a - a +0 robe (worn)
 j - a +0 tower shield
Jewellery
 k - a ring of magical power (left hand)
 m - a ring of ice
Wands
 o - a wand of polymorph (6)
Scrolls
 d - a scroll of teleportation
 n - a scroll of identify {unknown}
Potions
 b - a potion of invisibility {unknown}
 c - a potion of degeneration {unknown}
 h - 2 potions of heal wounds {unknown}
 l - a potion of magic {unknown}


   Skills:
 + Level 1.8 Fighting
 - Level 1.5 Dodging
 + Level 4.5 Stealth
 + Level 1.2 Shields
 + Level 2.7 Spellcasting
 * Level 5.1 Conjurations


You had 6 spell levels left.
You knew the following spells:

 Your Spells              Type           Power      Damage    Failure   Level
a - Magic Dart            Conj           88%        1d7       1%          1
b - Searing Ray           Conj           44%        3d4       2%          2

Your spell library contained the following spells:

 Spells                   Type           Power      Damage    Failure   Level
 Dazzling Flash           Conj/Hex       24%        N/A       16%         3
 Ensorcelled Hibernation  Hex/Ice        4%         N/A       24%         2
 Spider Form              Tmut/Pois      1%         N/A       43%         3
 Fulminant Prism          Conj/Hex       6%         3d7       47%         4
 Iskenderun's Mystic Bla  Conj/Tloc      12%        2d5       47%         4
 Shadow Creatures         Summ           N/A        N/A       100%        6


Dungeon Overview and Level Annotations

Branches:
Dungeon (3/15)

Altars:
Qazlal


Innate Abilities, Weirdness & Mutations

Your serpentine skin is tough. (AC +1)
You have supernaturally acute eyesight. (SInv)
Armour fits poorly on your strangely shaped body.
Your system is resistant to poisons. (rPois)
You cover ground very slowly.
You can spit poison.
You have a snake-like lower body.


Message History

(Press . to maintain the ray.)
The searing ray hits the gnoll sergeant.
The gnoll sergeant is heavily wounded.
The searing ray hits the hobgoblin.
You kill the hobgoblin!
A giant cockroach comes into view.
Unknown command.
The searing ray hits the gnoll sergeant but does no damage.
The gnoll sergeant is heavily wounded.
A kobold comes into view.
It is wielding a +0 dagger and quivering poisoned darts.
The gnoll sergeant hits you from afar with a +0 spear.
Unknown command.
The searing ray hits the gnoll sergeant!
The gnoll sergeant is almost dead.
You finish channeling your searing ray.
The gnoll sergeant hits you from afar with a +0 spear!
* * * LOW HITPOINT WARNING * * *
Unknown command.
Okay, then.
Blink to where?
Press: ? - help, Dir - move target, p - gnoll sergeant
As you read the scroll of blinking, it crumbles to dust.
Casting: Searing Ray (safe; 2% risk of failure)
Confirm with . or Enter, or press ? or * to list all spells.
Aiming: Searing Ray (safe; 2% risk of failure)
Press: ? - help, Shift-Dir - straight line, f - gnoll sergeant
Aim: a gnoll sergeant, wielding a +0 spear, wearing a +0 scale mail and wearing a +0 kite shield (almost dead, 87% to hit)
The searing ray hits the gnoll sergeant but does no damage.
The gnoll sergeant is almost dead. (Press . to maintain the ray.)
The giant cockroach bites you.
* * * LOW HITPOINT WARNING * * *
The giant cockroach completely misses you.
Unknown command.
The searing ray hits the gnoll sergeant.
The gnoll sergeant is almost dead.
The kobold barely misses you.
The giant cockroach bites you but does no damage.
The gnoll sergeant hits you from afar with a +0 spear!
You die...

.......###,,,######
....g....#,,,#....#
..g.g...>+,,,#)...#
.gg.ggg..#,,,#....#
#####..#.#,,,#)...#
,,,,*,......,#†.g.#
,,,,*,,,.....#..g.#
,,,,*,,,,,#....B..#
***,*,,,,**#...K@##
,,*,*,,,,........#***
,,*,+,,*,.........,,*
,,*,*,,*,........##,******
,,*,*,,*,###.....#,,,,,,,**
,,*,*,,,,,...###..,**,**,,*
,,+,*,,,,....**...**,,,**,*
,,*,*,,,,...,**...*,***,*,*
,,*,*,,,,,,,,,,,,,*,,,,,*,*


You could see a gnoll sergeant, a gnoll, a giant cockroach and a kobold.

Vanquished Creatures
  A centaur skeleton (D:3)
  2 adders
  10 gnolls
  2 worms
  5 bats
  2 endoplasms
  A giant cockroach (D:3)
  A goblin (D:1)
  5 hobgoblins
  6 jackals
  A ball python (D:1)
  A frilled lizard (D:3)
  4 kobolds (D:1)
  6 rats
47 creatures vanquished.

Notes
Turn   | Place    | Note
-------+----------+-------------------------------------------
     0 | D:1      | barkas the Naga Conjurer began the quest for the Orb.
     0 | D:1      | Reached XP level 1. HP: 15/15 MP: 3/3
   360 | D:1      | Reached XP level 2. HP: 24/24 MP: 5/5
   854 | D:1      | Learned a level 2 spell: Searing Ray
  1044 | D:2      | Reached XP level 3. HP: 30/30 MP: 0/6
  1051 | D:2      | Reached skill level 1 in Fighting
  1396 | D:2      | Reached XP level 4. HP: 38/38 MP: 7/7
  1837 | D:3      | Found a stormy altar of Qazlal.
  1861 | D:3      | Reached skill level 1 in Shields
  2011 | D:3      | Reached skill level 5 in Conjurations
  2011 | D:3      | Reached XP level 5. HP: 35/44 MP: 8/8
  2297 | D:3      | Slain by a gnoll sergeant

Illustrated notes

Levels and vault maps discovered:
D:1:      ncdulo_watergridlock, layout_basic, hex_medium
D:2:      layout_rooms
D:3:      layout_basic, lemuel_doored_altar, minmay_checkerbox

Skill      XL: |  1  2  3  4 |
---------------+-------------+-----
Fighting       | 1 |  1.8
Stealth        | 4 |  4.5
Shields        | 1 |  1.2
Conjurations   | 5 |  5.1
Dodging        | |  1.5
Spellcasting   | |  2.7

Action                   |  1- 3 |  4- 6 || total
-------------------------+-------+-------++-------
Melee: Unarmed           |     1 |       ||     1
       Short sword       |    19 |     4 ||    23
 Cast: Magic Dart        |    19 |    26 ||    45
       Searing Ray       |     2 |     9 ||    11
 Abil: Spit Poison       |    11 |     5 ||    16
  Use: Scroll            |       |     5 ||     5
Armor: Robe              |     2 |     5 ||     7
Dodge: Dodged            |    12 |    20 ||    32

Table legend: (Time is in decaauts)
 A = Elapsed time spent in this place.
 B = Non-inter-level travel time spent in this place.
 C = Inter-level travel time spent in this place.
 D = Time resting spent in this place.
 E = Time spent auto-exploring this place.
 F = Levels seen in this place.
 G = Mean time per level.
                   A        B        C        D        E       F      G
               +--------+--------+--------+--------+--------+-----+--------+
         Total |   2680 |   2613 |     67 |    583 |   1689 |   3 |  893.3 |
       Dungeon |   2680 |   2613 |     67 |    583 |   1689 |   3 |  893.3 |
               +--------+--------+--------+--------+--------+-----+--------+

Top non-repeatable levels by time:
     D:1: 1370 daAuts
     D:2: 800 daAuts
     D:3: 510 daAuts
